 Dungeon Crawl Stone Soup version 0.31-a0-819-gf6de2f5ab6 (webtiles) character file.

Game seed: 12426648976724613053

285118 qw the Slayer (level 21, -1/159 HPs)
             Began as a Gargoyle Hunter on Sept 23, 2023.
             Was a High Priest of Okawaru.
             Slain by a meliai
             ... wielding a +0 hand axe
              (6 damage)
             ... on level 4 of the Spider Nest.
             The game lasted 00:14:47 (29620 turns).

qw the Slayer (Gargoyle Hunter)                    Turns: 29620, Time: 00:14:47

Health: -1/159     AC: 36    Str: 17    XL:     21   Next: 0%
Magic:  9/37       EV: 34    Int: 14    God:    Okawaru [*****.]
Gold:   289        SH:  0    Dex: 23    Spells: 20/20 levels left

rFire   + . .        a - +6 arbalest "Damnation" {damnation}
rCold   + . .        (shield currently unavailable)
rNeg    + . .        A - +3 troll leather armour {Snorg}
rPois   inf          C - +1 helmet
rElec   +            z - scarf of Faafer {rC+ rF+, rPois MP+9 Int+3}
rCorr   .            x - +2 pair of gloves
SInv    .            b - +0 pair of boots of Gozag's Anger {rPois Dex+2}
Will    +....        y - amulet of faith
Stlth   ++           h - +5 ring of evasion
HPRegen 1.26/turn    r - +4 ring of protection
MPRegen 0.25/turn

%: faith
@: on fire, about to teleport, heroic, flying, slowed, glowing, very slow
A: sickness immunity, AC +16, big wings, negative energy resistance 1,
electricity resistance, torment resistance 1, petrification resistance
}: 1/15 runes: decaying
a: Renounce Religion, Heroism, Finesse, Duel


You were on level 4 of the Spider Nest.
You worshipped Okawaru.
Okawaru was extremely pleased with you.
You visited 7 branches of the dungeon, and saw 35 of its levels.
You visited 2 bazaars.

You collected 3792 gold pieces.
You spent 3503 gold pieces at shops.


Innate Abilities, Weirdness & Mutations

You are immune to sickness and miasma.
Your stone body is resilient. (AC +16)
You are immune to poison.
Your large and strong wings let you fly.
You resist negative energy. (rN+)
You are resistant to electric shocks. (rElec)
You are resistant to unholy torment.
You are immune to petrification.


   Skills:
 - Level 25.4(27) Fighting
 - Level 18.0(23.0) Ranged Weapons
 - Level 12.0(17.0) Armour
 + Level 16.0(21.0) Dodging
 - Level 1.1(6.1) Stealth
 - Level 10.0 Invocations


You had 20 spell levels left.
You didn't know any spells.
Your spell library was empty.

Inventory:

Hand Weapons
 a - the +6 arbalest "Damnation" (weapon) {damnation}
   (You acquired it on level 1 of the Dungeon)
Armour
 b - the +0 pair of boots of Gozag's Anger (worn) {rPois Dex+2}
   (You found it on level 2 of the Dungeon)

   Dex+2:     It affects your dexterity (+2).
   rPois:     It protects you from poison
 k - the +1 cloak "Wung" {Harm rN+ Slay+3}
   (You bought it in a shop on level 3 of the Vaults)

   Slay+3:    It affects your accuracy & damage with ranged weapons and melee
   (+3).
   rN+:       It protects you from negative energy.
   Harm:      It increases damage dealt and taken.
 m - a +2 cloak
 x - a +2 pair of gloves (worn)
 z - the scarf of Faafer (worn) {rC+ rF+, rPois MP+9 Int+3}
   (Okawaru gifted it to you on level 3 of the Lair of Beasts)

   Int+3:     It affects your intelligence (+3).
   rPois:     It protects you from poison MP+9: It affects your magic capacity
   (+9).
 A - a +3 troll leather armour (worn) {Snorg}
 C - a +1 helmet (worn)
 D - a +2 ring mail of fire resistance
Jewellery
 h - a +5 ring of evasion (left hand)
 n - an amulet of reflection
 r - a +4 ring of protection (right hand)
 t - a ring of protection from fire
 w - a ring of fire
 y - an amulet of faith (around neck)
Wands
 o - a wand of digging (38)
Scrolls
 d - 30 scrolls of identify
 f - 4 scrolls of brand weapon
 i - 11 scrolls of teleportation
 B - 3 scrolls of enchant weapon
Potions
 c - 7 potions of mutation
 e - 2 potions of resistance
 j - 6 potions of enlightenment
 q - 3 potions of haste
 s - 2 potions of curing
 u - 3 potions of magic
 v - 2 potions of might

Dungeon Overview and Level Annotations

Branches:
Dungeon (15/15)            Temple (1/1) D:5            Lair (5/5) D:10
  Swamp (4/4) Lair:2       Spider (4/4) Lair:3        Slime (0/5) Lair:5
    Orc (2/2) D:12            Elf (0/3) Orc:2        Vaults (4/5) D:13
  Crypt (0/3) Vaults:3     Depths (0/4) D:15

Altars:
Ashenzari
Cheibriados
Dithmenos
Elyvilon
Fedhas
Gozag
Hepliaklqana
Kikubaaqudgha
Makhleb
Nemelex Xobeh
Okawaru
Qazlal
Ru
Sif Muna
Trog
Uskayaw
Vehumet
Wu Jian
Xom
Yredelemnul
Zin
The Shining One
Jiyva

Shops:
D:7 ?   D:8 :!   D:10 (   D:14 *?   Orc:1 =   Orc:2 ([*:   Vaults:1 *
Vaults:3 [   Vaults:4 :?(

Portals:
Trove: D:12 (give 6 scrolls of fear)

Annotations:
Lair:5 1 runed translucent door
Swamp:4 1 runed translucent door, qw's ghost, adept GrFi
Spider:3 1 runed translucent door, qw's ghost, adept MiHs


Message History

The damnation engulfs the sun moth!
The sun moth is heavily wounded.
The damnation engulfs the meliai!
The meliai is severely wounded.
The torpor snail's soul is no longer bound.
The redback barely misses you.
The jumping spider leaps!
The culicivora bites you but does no damage.
The sun moth is engulfed in freezing vapours.
The sun moth completely misses you. The emperor scorpion misses you.
The emperor scorpion barely misses you.
The emperor scorpion completely misses you.
The meliai misses you. The meliai closely misses you. The redback bites you.
The jumping spider leaps!
The culicivora bites you!
The sun moth is engulfed in freezing vapours.
The sun moth throws sticky fire at you.
The sticky flame hits you but does no damage.
You are covered in liquid flames!
A culicivora comes into view.
The emperor scorpion stings you!
The emperor scorpion completely misses you.
The emperor scorpion claws you but does no damage.
An emperor scorpion comes into view.
The meliai completely misses you.
The meliai stings you but does no damage.
The meliai calls down the wrath of its god upon you.
Something smites you! The redback completely misses you.
The culicivora bites you but does no damage.
29620 |||
Found retreat position at 1,-2 (steelbarb worm simulacrum; floor) with 1 blocking monsters and 3 monsters attacking at destination at distance 2
29620 ||| READING 12 scrolls of teleportation.
As you read the scroll of teleportation, it crumbles to dust.
You feel strangely unstable.
You are covered in liquid flames!
The meliai completely misses you. x2
A jumping spider comes into view.
The redback completely misses you.
The culicivora chitters at the jumping spider.
The jumping spider is healed somewhat.
The jumping spider simulacrum evades a web.
The meliai hits you with a +0 hand axe.
You die...

#### ### ##..^#
####^.## #.....#
#Z.....#
.^..0s.##sZ....##
.....yZ#@yss.....
#....ssssyB.....#
..#..Zw.HZ.....^.
#^....ysy......#
........s..0....#
##...........^.##
.....s........##
.^ss.^......^.#
##............#


You could see 2 emperor scorpions, a jorogumo, a sun moth, a radroach (soul
bound), a torpor snail, a wolf spider, 3 culicivoras, 3 jumping spiders, 3
redbacks, 3 meliai, a jumping spider simulacrum, a redback simulacrum, a
steelbarb worm simulacrum and a culicivora simulacrum.

Vanquished Creatures
  Nikola (Spider:2)
  Jorgrun (D:12)
  3 sphinxes
  A quicksilver dragon (Vaults:3)
  Kirke (D:12)
  Donald (Orc:2)
  A thorn hunter (Swamp:4)
  A ghost moth (Spider:1)
  2 emperor scorpions
  A caustic shrike zombie (D:15)
  8 vault wardens
  2 orc warlords
  A war gargoyle (Vaults:3)
  20 ironbound preservers
  2 formless jellyfish
  9 ironbound thunderhulks
  15 dire elephants
  A vampire knight (Vaults:3)
  2 eleionomae
  Azrael (D:13)
  3 bunyips (Swamp:3)
  A crystal guardian (Vaults:3)
  An eidolon (Vaults:3)
  A jiangshi (Vaults:3)
  An ettin (Vaults:4)
  Josephine (Orc:1)
  Snorg (D:12)
  5 entropy weavers
  A spriggan zombie (D:15)
  9 yaktaur captains
  4 great orbs of eyes
  20 hydras
  An ogre mage (D:15)
  2 catoblepae
  A peacekeeper (Vaults:3)
  A radroach (Spider:3)
  Erica (Lair:2)
  12 vault guards
  16 alligators
  3 ghost crabs
  7 boulder beetles
  10 ironbound frosthearts
  An anaconda (Lair:5)
  14 two-headed ogres
  A death yak (Lair:5)
  8 centaur warriors
  3 orc high priests
  A tengu warrior (D:13)
  A vampire mage (D:15)
  5 demonic crawlers
  6 spriggans
  Nergalle (D:11)
  Sonja (Lair:5)
  A fire crab (shapeshifter) (D:15)
  2 goliath frogs (Swamp:2)
  Amaemon (Lair:1)
  10 pharaoh ants
  2 skeletal warriors (D:15)
  2 orb spiders
  3 skysharks (Lair:4)
  2 sun moths (Spider:3)
  16 swamp dragons
  5 spriggan druids
  12 wizards
  47 deep trolls
  3 glowing orange brains
  3 bog bodies
  6 steelbarb worms
  An obsidian statue (Lair:5)
  12 orc knights
  11 lindwurms (Vaults:1)
  Pikel (D:7)
  5 deep elf pyromancers
  18 ironbound convokers
  4 necromancers
  15 wolf spiders
  7 will-o-the-wisps
  5 cyclopes
  45 ugly things
  2 manticores
  3 orc sorcerers (Orc:2)
  A tengu skeleton (D:15)
  A stone giant skeleton (D:15)
  24 elephants
  2 black mambas
  16 vault sentinels
  2 gargoyles
  2 dire elephant zombies (Lair:5)
  An ice statue (Vaults:2)
  13 cane toads
  An orange demon (Lair:1)
  4 unseen horrors
  3 torpor snails
  25 yaktaurs
  8 rime drakes
  4 komodo dragons
  An efreet (D:13)
  3 tengu conjurers
  3 meliai (Spider:3)
  14 trolls
  20 tarantellas
  2 bloated husks
  8 tyrant leeches
  4 dream sheep
  19 blink frogs
  6 hornets
  29 slime creatures
  A spectral elephant (Lair:5)
  15 jumping spiders
  A flying skull (Vaults:3)
  5 wraiths
  A vampire (D:12)
  3 shadows
  13 wyverns
  A dire elephant simulacrum (Lair:5)
  17 culicivoras
  36 yaks
  5 fire elementals (D:13)
  15 basilisks
  7 hogs (D:12)
  A hog (shapeshifter) (D:14)
  33 redbacks
  10 vampire mosquitoes
  2 death yak simulacra (Lair:5)
  A warg (D:12)
  2 spectral cane toads (Lair:5)
  15 swamp worms
  Duvessa (D:4)
  17 water moccasins
  4 hell hounds
  7 swamp drakes
  2 black bears
  2 ice beasts
  A sky beast (D:8)
  10 ogres
  38 orc warriors
  6 centaurs
  An ogre (shapeshifter) (D:13)
  4 lemures (D:7)
  4 kobold brigands
  12 bullfrogs
  A gnoll sergeant (D:7)
  3 scorpions
  9 wights (D:9)
  Dowan (D:4)
  4 elephant simulacra (Lair:5)
  11 killer bees
  An electric eel (Spider:3)
  6 howler monkeys
  18 orc priests
  2 gnoll boudas
  5 hounds
  An iguana (shapeshifter) (D:15)
  A sleepcap (D:5)
  6 hell rats (Lair:3)
  Natasha (twice) (D:3)
  3 iguanas
  14 orc wizards
  7 adders
  23 gnolls
  2 shadow imps (D:5)
  A white imp (D:7)
  An ufetubus (D:6)
  A worm (D:5)
  A dart slug (D:5)
  55 orcs
  7 bats
  4 endoplasms
  3 giant cockroaches
  4 goblins
  3 hobgoblins
  4 jackals (D:1)
  19 kobolds
  6 quokkas
  5 ball pythons
  2 frilled lizards
  5 rats
1212 creatures vanquished.

Vanquished Creatures (others)
  An eleionoma (Swamp:3)
  A radroach (Spider:2)
  A bloated husk (Swamp:2)
  A tyrant leech (Swamp:2)
  A jumping spider (Spider:2)
  A vampire mosquito (Swamp:2)
  24 foxfires
30 creatures vanquished.

Grand Total: 1242 creatures vanquished

Notes
Turn   | Place    | Note
-------+----------+-------------------------------------------
     0 | D:1      | qw the Gargoyle Hunter began the quest for the Orb.
     0 | D:1      | Reached XP level 1. HP: 12/12 MP: 1/1
     0 | D:1      | 0 ||| qw: Version: 0.3-a-83-gcd0e7d8
     0 | D:1      | 0 ||| qw: Game counter: 1487
     0 | D:1      | 0 ||| qw: Melee chars always use a shield: true
     0 | D:1      | 0 ||| qw: God list: Okawaru
     0 | D:1      | 0 ||| qw: Allow faded altars: false
     0 | D:1      | 0 ||| qw: Do Orc after clearing Dungeon:15 true
     0 | D:1      | 0 ||| qw: Do second Lair branch before Depths: true
     0 | D:1      | 0 ||| qw: Lair rune preference: random
     0 | D:1      | 0 ||| qw: Goals: Normal
     0 | D:1      | 0 ||| PLANNING D:1-11
    25 | D:1      | Reached XP level 2. HP: 11/17 MP: 2/2
   309 | D:1      | Reached XP level 3. HP: 21/21 MP: 3/3
   513 | D:1      | 513 ||| UPGRADING to ring of see invisible.
   514 | D:1      | 514 ||| READING scroll labelled VEYSUA GAPTAPE.
   515 | D:1      | 515 ||| READING scroll labelled ROUZAD TIUGOT.
   515 | D:1      | Identified a scroll of acquirement
   515 | D:1      | 515 ||| ACQUIRING +6 arbalest "Damnation" {damnation}
   515 | D:1      | Acquired the +6 arbalest "Damnation" {damnation}
   515 | D:1      | Found the +6 arbalest "Damnation" {damnation}
   517 | D:1      | 517 ||| SWAPPING to +6 arbalest "Damnation" {damnation}.
   518 | D:1      | 518 ||| DROPPING +0 shortbow of freezing.
   519 | D:1      | 519 ||| READING scroll labelled BUTWA INLIDGHO.
   520 | D:1      | 520 ||| READING scroll labelled DUQACU HEP REGG.
   521 | D:1      | 521 ||| READING scroll labelled EMEDOG WOEWN.
   522 | D:1      | 522 ||| DROPPING scroll of butterflies.
   575 | D:2      | Identified the +0 pair of boots of Gozag's Anger {rPois
                  | Dex+2}
  1086 | D:2      | 1086 ||| UPGRADING to +0 pair of boots of Gozag's Anger
                  | {rPois Dex+2}.
  1091 | D:2      | 1091 ||| UPGRADING to ring of protection from fire.
  1092 | D:2      | 1092 ||| READING scroll labelled FOAWKUASEO.
  1093 | D:2      | 1093 ||| DRINKING 2 fuming orange potions.
  1094 | D:2      | 1094 ||| DROPPING potion of degeneration.
  1225 | D:3      | Reached skill level 3 in Fighting
  1237 | D:3      | Found a faded altar of an unknown god.
  1328 | D:3      | Reached XP level 4. HP: 28/28 MP: 4/4
  1412 | D:3      | Noticed Natasha
  1413 | D:3      | Killed Natasha
  1599 | D:3      | 1599 ||| UPGRADING to +0 ring mail.
  1609 | D:3      | 1609 ||| DROPPING +0 leather armour.
  1610 | D:3      | 1610 ||| READING scroll labelled IGRYXK UHIONA.
  1613 | D:3      | 1613 ||| READING 3 scrolls of identify.
  1613 | D:3      | 1613 ||| IDENTIFYING bubbling silvery potion
  1614 | D:3      | 1614 ||| READING 2 scrolls of identify.
  1614 | D:3      | 1614 ||| IDENTIFYING viscous green potion
  1615 | D:3      | 1615 ||| DROPPING potion of lignification.
  1640 | D:3      | Noticed Natasha
  1642 | D:3      | Killed Natasha
  1643 | D:3      | Reached skill level 1 in Armour
  1643 | D:3      | Reached XP level 5. HP: 32/32 MP: 5/5
  1705 | D:4      | Reached skill level 6 in Ranged Weapons
  1771 | D:4      | Noticed Dowan
  1773 | D:4      | Killed Dowan
  1773 | D:4      | Noticed Duvessa
  1774 | D:4      | Reached skill level 4 in Fighting
  1774 | D:4      | Reached XP level 6. HP: 38/38 MP: 6/6
  1777 | D:4      | Killed Duvessa
  1788 | D:4      | 1788 ||| FLEEEEING.
  1995 | D:4      | 1995 ||| FLEEEEING.
  1996 | D:4      | 1996 ||| FLEEEEING.
  1997 | D:4      | 1997 ||| FLEEEEING.
  1999 | D:4      | 1999 ||| FLEEEEING.
  2000 | D:4      | 2000 ||| FLEEEEING.
  2001 | D:4      | 2001 ||| FLEEEEING.
  2002 | D:4      | 2002 ||| FLEEEEING.
  2003 | D:4      | 2003 ||| STAIRDANCE
  2026 | D:4      | 2026 ||| STAIRDANCE
  2036 | D:4      | Reached XP level 7. HP: 43/43 MP: 7/7
  2313 | D:4      | 2313 ||| READING 2 scrolls of identify.
  2313 | D:4      | 2313 ||| IDENTIFYING fizzy green potion
  2334 | D:5      | Entered Level 5 of the Dungeon
  2481 | D:5      | Found a staircase to the Ecumenical Temple.
  2482 | D:5      | 2482 ||| PLANNING TEMPLE
  2482 | D:5      | 2482 ||| UPGRADING to +0 cloak.
  2487 | D:5      | 2487 ||| UPGRADING to +1 leather armour of cold resistance.
  2497 | D:5      | 2497 ||| DROPPING +0 ring mail.
  2498 | D:5      | 2498 ||| UPGRADING to amulet of reflection.
  2508 | Temple   | Entered the Ecumenical Temple
  2509 | Temple   | 2509 ||| PLANNING OKAWARU WORSHIP
  2584 | Temple   | Became a worshipper of Warmaster Okawaru
  2585 | Temple   | 2585 ||| PLANNING D:1-11
  2783 | D:5      | Reached skill level 5 in Fighting
  2985 | D:5      | 2985 ||| READING scroll labelled HAOPUSM YZISH.
  2986 | D:5      | 2986 ||| READING 2 scrolls of identify.
  2986 | D:5      | 2986 ||| IDENTIFYING red potion
  3059 | D:6      | Reached XP level 8. HP: 49/49 MP: 8/8
  3433 | D:6      | Reached skill level 9 in Ranged Weapons
  3613 | D:6      | Reached skill level 6 in Fighting
  3715 | D:6      | 3715 ||| DROPPING ring of see invisible.
  3716 | D:6      | 3716 ||| UPGRADING to +4 ring of protection.
  3718 | D:6      | 3718 ||| DROPPING ring of magical power.
  3719 | D:6      | 3719 ||| READING scroll labelled WUPPUUHUMP.
  3720 | D:6      | 3720 ||| DRINKING 2 emerald potions.
  3769 | D:7      | Noticed Pikel
  3770 | D:7      | 3770 ||| RETREEAATING.
  3772 | D:7      | Killed Pikel
  3772 | D:7      | Reached * piety under Okawaru
  3773 | D:7      | Reached XP level 9. HP: 55/55 MP: 9/9
  3774 | D:7      | Reached skill level 1 in Invocations
  3819 | D:7      | 3819 ||| INVOKING Heroism.
  3905 | D:7      | 3905 ||| INVOKING Heroism.
  4093 | D:7      | Reached skill level 3 in Dodging
  4153 | D:7      | Reached skill level 3 in Invocations
  4191 | D:7      | Found Meikinyu's Magic Scroll Emporium.
  4198 | D:7      | 4198 ||| BUYING scroll of identify (30 gold).
  4198 | D:7      | Bought a scroll of identify for 30 gold pieces
  4198 | D:7      | 4198 ||| BUYING scroll of identify (30 gold).
  4198 | D:7      | Bought a scroll of identify for 30 gold pieces
  4198 | D:7      | 4198 ||| BUYING scroll of identify (30 gold).
  4198 | D:7      | Bought a scroll of identify for 30 gold pieces
  4198 | D:7      | 4198 ||| BUYING scroll of identify (30 gold).
  4198 | D:7      | Bought a scroll of identify for 30 gold pieces
  4198 | D:7      | 4198 ||| BUYING scroll of identify (30 gold).
  4198 | D:7      | Bought a scroll of identify for 30 gold pieces
  4198 | D:7      | 4198 ||| BUYING scroll of identify (30 gold).
  4198 | D:7      | Bought a scroll of identify for 30 gold pieces
  4198 | D:7      | 4198 ||| BUYING scroll of teleportation (45 gold).
  4198 | D:7      | Bought a scroll of teleportation for 45 gold pieces
  4254 | D:7      | 4254 ||| INVOKING Heroism.
  4378 | D:7      | Identified the +5 war axe of the Unliving {chaos, Int+3
                  | Dex+3}
  4464 | D:7      | 4464 ||| READING scroll labelled IMACWI NEZEQY.
  4565 | D:7      | 4565 ||| READING scroll labelled GURIETOWEI.
  4566 | D:7      | 4566 ||| DRINKING 2 metallic puce potions.
  4567 | D:7      | 4567 ||| READING 7 scrolls of identify.
  4567 | D:7      | 4567 ||| IDENTIFYING sedimented golden potion
  4568 | D:7      | 4568 ||| READING 6 scrolls of identify.
  4568 | D:7      | 4568 ||| IDENTIFYING brown potion
  4569 | D:7      | 4569 ||| READING 5 scrolls of identify.
  4569 | D:7      | 4569 ||| IDENTIFYING coppery potion
  4570 | D:7      | 4570 ||| READING 4 scrolls of identify.
  4570 | D:7      | 4570 ||| IDENTIFYING yellow potion
  4571 | D:7      | 4571 ||| DROPPING potion of ambrosia.
  4572 | D:7      | 4572 ||| DROPPING potion of berserk rage.
  4660 | D:8      | Found Papaaddepem's Distillery.
  4681 | D:8      | 4681 ||| BUYING potion of magic (88 gold).
  4681 | D:8      | Bought a potion of magic for 88 gold pieces
  4681 | D:8      | 4681 ||| BUYING potion of might (44 gold).
  4681 | D:8      | Bought a potion of might for 44 gold pieces
  4681 | D:8      | 4681 ||| BUYING potion of mutation (88 gold).
  4681 | D:8      | Bought a potion of mutation for 88 gold pieces
  4681 | D:8      | 4681 ||| SHOPLISTING potion of mutation (88 gold, have 65).
  4761 | D:8      | Noticed a two-headed ogre
  4762 | D:8      | 4762 ||| INVOKING Heroism.
  4764 | D:8      | Killed a two-headed ogre
  4764 | D:8      | Reached ** piety under Okawaru
  4765 | D:8      | Reached skill level 7 in Fighting
  4787 | D:8      | Noticed a two-headed ogre
  4788 | D:8      | 4788 ||| INVOKING Heroism.
  4789 | D:8      | 4789 ||| RETREEAATING.
  4791 | D:8      | 4791 ||| STILL RETREEAATING.
  4792 | D:8      | 4792 ||| STILL RETREEAATING.
  4796 | D:8      | Killed a two-headed ogre
  4797 | D:8      | Reached XP level 10. HP: 51/63 MP: 11/13
  4813 | D:8      | 4813 ||| FLEEEEING.
  4814 | D:8      | 4814 ||| FLEEEEING.
  4840 | D:8      | Reached *** piety under Okawaru
  4849 | D:8      | 4849 ||| FLEEEEING.
  4855 | D:8      | 4855 ||| FLEEEEING.
  4856 | D:8      | 4856 ||| FLEEEEING.
  4857 | D:8      | 4857 ||| FLEEEEING.
  4867 | D:8      | 4867 ||| FLEEEEING.
  4869 | D:8      | Reached skill level 8 in Fighting
  4949 | D:8      | 4949 ||| READING 2 scrolls of enchant armour.
  4949 | D:8      | 4949 ||| ENCHANTING +0 cloak.
  4950 | D:8      | 4950 ||| READING scroll of enchant armour.
  4950 | D:8      | 4950 ||| ENCHANTING +1 cloak.
  5005 | D:8      | Found Rihug's Book Boutique.
  5138 | D:8      | Reached skill level 12 in Ranged Weapons
  5331 | D:8      | 5331 ||| INVOKING Heroism.
  5486 | D:8      | 5486 ||| UPGRADING to +0 helmet.
  5491 | D:8      | 5491 ||| UPGRADING to +2 ring mail of cold resistance.
  5501 | D:8      | 5501 ||| DROPPING +1 leather armour of cold resistance.
  5502 | D:8      | 5502 ||| READING scroll labelled CAVATUE IPTES.
  5564 | D:9      | Reached skill level 3 in Armour
  5564 | D:9      | Found a shimmering altar of Xom.
  5565 | D:9      | Found a sacrificial altar of Ru.
  5570 | D:9      | Found a hide-covered altar of Uskayaw.
  5571 | D:9      | Found a snail-covered altar of Cheibriados.
  5689 | D:9      | 5689 ||| RETREEAATING.
  5767 | D:9      | Found an ancient bone altar of Kikubaaqudgha.
  5850 | D:9      | 5850 ||| RETREEAATING.
  5851 | D:9      | 5851 ||| STILL RETREEAATING.
  5852 | D:9      | 5852 ||| STILL RETREEAATING.
  5853 | D:9      | 5853 ||| STILL RETREEAATING.
  5854 | D:9      | 5854 ||| Stepping ~*~*~tactically~*~*~ (retreating).
  5855 | D:9      | 5855 ||| Stepping ~*~*~tactically~*~*~ (retreating).
  5857 | D:9      | Reached **** piety under Okawaru
  5860 | D:9      | 5860 ||| INVOKING Heroism.
  6080 | D:9      | 6080 ||| RETREEAATING.
  6082 | D:9      | 6082 ||| STILL RETREEAATING.
  6083 | D:9      | 6083 ||| STILL RETREEAATING.
  6085 | D:9      | Reached skill level 6 in Invocations
  6086 | D:9      | 6086 ||| STILL RETREEAATING.
  6087 | D:9      | 6087 ||| STILL RETREEAATING.
  6090 | D:9      | Reached XP level 11. HP: 68/68 MP: 15/15
  6228 | D:10     | Entered Level 10 of the Dungeon
  6267 | D:10     | 6267 ||| Stepping ~*~*~tactically~*~*~ (retreating).
  6273 | D:10     | 6273 ||| Stepping ~*~*~tactically~*~*~ (retreating).
  6277 | D:10     | Reached ***** piety under Okawaru
  6290 | D:10     | 6290 ||| INVOKING Heroism.
  6516 | D:10     | Found a staircase to the Lair.
  6517 | D:10     | 6517 ||| INVOKING Heroism.
  6682 | D:10     | Found Ryiliera's Hydra Hut.
  6687 | D:10     | Noticed an eight-headed hydra
  6691 | D:10     | 6691 ||| PLANNING LAIR
  6731 | Lair:1   | Entered Level 1 of the Lair of Beasts
  6772 | Lair:1   | 6772 ||| INVOKING Heroism.
  6774 | Lair:1   | 6774 ||| RETREEAATING.
  6775 | Lair:1   | 6775 ||| STILL RETREEAATING.
  6777 | Lair:1   | 6777 ||| STILL RETREEAATING.
  6778 | Lair:1   | 6778 ||| STILL RETREEAATING.
  6780 | Lair:1   | 6780 ||| STILL RETREEAATING.
  6781 | Lair:1   | 6781 ||| STILL RETREEAATING.
  6782 | Lair:1   | 6782 ||| Stepping ~*~*~tactically~*~*~ (retreating).
  6783 | Lair:1   | 6783 ||| Stepping ~*~*~tactically~*~*~ (retreating).
  6784 | Lair:1   | 6784 ||| Stepping ~*~*~tactically~*~*~ (retreating).
  6785 | Lair:1   | 6785 ||| STILL RETREEAATING.
  6786 | Lair:1   | 6786 ||| STILL RETREEAATING.
  6787 | Lair:1   | 6787 ||| STILL RETREEAATING.
  6788 | Lair:1   | 6788 ||| STILL RETREEAATING.
  6790 | Lair:1   | Reached skill level 9 in Fighting
  6797 | Lair:1   | 6797 ||| RETREEAATING.
  6799 | Lair:1   | 6799 ||| Stepping ~*~*~tactically~*~*~ (retreating).
  6867 | Lair:1   | Noticed Amaemon
  6868 | Lair:1   | 6868 ||| RETREEAATING.
  6869 | Lair:1   | Received a gift from Okawaru
  6870 | Lair:1   | 6870 ||| STILL RETREEAATING.
  6871 | Lair:1   | 6871 ||| STILL RETREEAATING.
  6872 | Lair:1   | 6872 ||| STILL RETREEAATING.
  6873 | Lair:1   | 6873 ||| STILL RETREEAATING.
  6874 | Lair:1   | 6874 ||| STILL RETREEAATING.
  6875 | Lair:1   | 6875 ||| STILL RETREEAATING.
  6876 | Lair:1   | 6876 ||| STILL RETREEAATING.
  6877 | Lair:1   | 6877 ||| INVOKING Heroism.
  6881 | Lair:1   | Killed Amaemon
  6891 | Lair:1   | Reached skill level 9 in Invocations
  6971 | Lair:1   | 6971 ||| INVOKING Heroism.
  7047 | Lair:1   | 7047 ||| INVOKING Heroism.
  7245 | Lair:1   | 7245 ||| UPGRADING to +0 pair of gloves.
  7250 | Lair:1   | 7250 ||| UPGRADING to amulet of faith.
  7279 | Lair:2   | 7279 ||| INVOKING Heroism.
  7280 | Lair:2   | 7280 ||| RETREEAATING.
  7281 | Lair:2   | 7281 ||| STILL RETREEAATING.
  7284 | Lair:2   | 7284 ||| STILL RETREEAATING.
  7292 | Lair:2   | 7292 ||| Stepping ~*~*~tactically~*~*~ (retreating).
  7293 | Lair:2   | 7293 ||| Stepping ~*~*~tactically~*~*~ (retreating).
  7294 | Lair:2   | 7294 ||| Stepping ~*~*~tactically~*~*~ (retreating).
  7296 | Lair:2   | Received a gift from Okawaru
  7297 | Lair:2   | Reached XP level 12. HP: 63/76 MP: 19/19
  7423 | Lair:2   | 7423 ||| INVOKING Heroism.
  7429 | Lair:2   | Reached skill level 6 in Armour
  7441 | Lair:2   | Found a staircase to the Swamp.
  7445 | Lair:2   | 7445 ||| RETREEAATING.
  7446 | Lair:2   | 7446 ||| STILL RETREEAATING.
  7447 | Lair:2   | 7447 ||| STILL RETREEAATING.
  7467 | Lair:2   | Noticed Erica
  7468 | Lair:2   | 7468 ||| INVOKING Finesse.
  7469 | Lair:2   | 7469 ||| RETREEAATING.
  7471 | Lair:2   | 7471 ||| STILL RETREEAATING.
  7473 | Lair:2   | 7473 ||| RETREEAATING.
  7475 | Lair:2   | Killed Erica
  7476 | Lair:2   | Reached skill level 10 in Fighting
  7694 | Lair:2   | Received a gift from Okawaru
  7903 | Lair:2   | Noticed a seven-headed hydra
  7904 | Lair:2   | 7904 ||| INVOKING Heroism.
  7908 | Lair:2   | Killed a seven-headed hydra
  8122 | Lair:2   | 8122 ||| READING scroll labelled QOUCUL USKA.
  8222 | Lair:3   | 8222 ||| RETREEAATING.
  8252 | Lair:3   | Found a hole to the Spider Nest.
  8267 | Lair:3   | Reached skill level 15 in Ranged Weapons
  8335 | Lair:3   | 8335 ||| RETREEAATING.
  8338 | Lair:3   | 8338 ||| STILL RETREEAATING.
  8343 | Lair:3   | 8343 ||| STILL RETREEAATING.
  8344 | Lair:3   | 8344 ||| STILL RETREEAATING.
  8351 | Lair:3   | 8351 ||| RETREEAATING.
  8365 | Lair:3   | Noticed a five-headed hydra
  8366 | Lair:3   | 8366 ||| FLEEEEING.
  8367 | Lair:3   | 8367 ||| RETREEAATING.
  8368 | Lair:3   | 8368 ||| INVOKING Heroism.
  8370 | Lair:3   | Killed a five-headed hydra
  8370 | Lair:3   | Received a gift from Okawaru
  8380 | Lair:3   | Reached XP level 13. HP: 69/82 MP: 20/20
  8613 | Lair:3   | 8613 ||| RETREEAATING.
  8614 | Lair:3   | 8614 ||| STILL RETREEAATING.
  8615 | Lair:3   | 8615 ||| STILL RETREEAATING.
  8616 | Lair:3   | 8616 ||| STILL RETREEAATING.
  8618 | Lair:3   | 8618 ||| STILL RETREEAATING.
  8623 | Lair:3   | 8623 ||| Stepping ~*~*~tactically~*~*~ (retreating).
  8624 | Lair:3   | 8624 ||| Stepping ~*~*~tactically~*~*~ (retreating).
  8625 | Lair:3   | 8625 ||| Stepping ~*~*~tactically~*~*~ (retreating).
  8626 | Lair:3   | 8626 ||| Stepping ~*~*~tactically~*~*~ (retreating).
  8627 | Lair:3   | 8627 ||| STILL RETREEAATING.
  8918 | Lair:3   | 8918 ||| READING 8 scrolls of identify.
  8918 | Lair:3   | 8918 ||| IDENTIFYING viscous ruby potion
  8919 | Lair:3   | 8919 ||| DROPPING potion of invisibility.
  8944 | Lair:4   | Reached ****** piety under Okawaru
  8945 | Lair:4   | 8945 ||| INVOKING Receive Weapon.
  8945 | Lair:4   | 8945 ||| ACQUIRING +5 longbow of Anger {heavy, Fly rPois
                  | rCorr Stlth-}
  8945 | Lair:4   | Acquired the +5 longbow of Anger {heavy, Fly rPois rCorr
                  | Stlth-}
  8945 | Lair:4   | Received a gift from Okawaru
  8946 | Lair:4   | 8946 ||| STAIRDANCE
  8948 | Lair:3   | 8948 ||| INVOKING Receive Armour.
  8948 | Lair:3   | 8948 ||| ACQUIRING scarf of Faafer {rC+ rF+, rPois MP+9
                  | Int+3}
  8948 | Lair:3   | Acquired the scarf of Faafer {rC+ rF+, rPois MP+9 Int+3}
  8948 | Lair:3   | Received a gift from Okawaru
  8950 | Lair:3   | 8950 ||| UPGRADING to scarf of Faafer {rC+ rF+, rPois MP+9
                  | Int+3}.
  9005 | Lair:4   | 9005 ||| STAIRDANCE
  9007 | Lair:3   | 9007 ||| INVOKING Heroism.
  9027 | Lair:4   | 9027 ||| STAIRDANCE
  9031 | Lair:3   | Reached skill level 11 in Fighting
  9087 | Lair:4   | 9087 ||| INVOKING Heroism.
  9089 | Lair:4   | Received a gift from Okawaru
  9097 | Lair:4   | 9097 ||| RETREEAATING.
  9102 | Lair:4   | 9102 ||| STILL RETREEAATING.
  9105 | Lair:4   | 9105 ||| RETREEAATING.
  9107 | Lair:4   | 9107 ||| RETREEAATING.
  9109 | Lair:4   | 9109 ||| Stepping ~*~*~tactically~*~*~ (retreating).
  9195 | Lair:4   | 9195 ||| INVOKING Heroism.
  9299 | Lair:4   | Received a gift from Okawaru
  9417 | Lair:4   | 9417 ||| INVOKING Heroism.
 10402 | Lair:4   | 10402 ||| DROPPING amulet of the acrobat.
 10403 | Lair:4   | 10403 ||| READING scroll labelled BUANOFOWOCW.
 10430 | Lair:5   | Entered Level 5 of the Lair of Beasts
 10431 | Lair:5   | 10431 ||| STAIRDANCE
 10432 | Lair:5   | 10432 ||| Stepping ~*~*~tactically~*~*~ (retreating).
 10433 | Lair:5   | 10433 ||| Stepping ~*~*~tactically~*~*~ (retreating).
 10434 | Lair:5   | 10434 ||| Stepping ~*~*~tactically~*~*~ (retreating).
 10435 | Lair:5   | 10435 ||| INVOKING Heroism.
 10438 | Lair:5   | Received a gift from Okawaru
 10441 | Lair:5   | Reached skill level 6 in Dodging
 10457 | Lair:5   | 10457 ||| INVOKING Heroism.
 10569 | Lair:5   | 10569 ||| INVOKING Heroism.
 10570 | Lair:5   | 10570 ||| INVOKING Finesse.
 10603 | Lair:5   | Gained mutation: Your large and strong wings let you fly.
                  | [Gargoyle growth]
 10603 | Lair:5   | Reached XP level 14. HP: 90/90 MP: 21/21
 10621 | Lair:5   | Received a gift from Okawaru
 10758 | Lair:5   | Reached skill level 18 in Ranged Weapons
 10769 | Lair:5   | Noticed a dire elephant
 10769 | Lair:5   | Noticed Sonja
 10769 | Lair:5   | Noticed a dire elephant
 10770 | Lair:5   | Noticed a dire elephant
 10773 | Lair:5   | Noticed a dire elephant
 10774 | Lair:5   | 10774 ||| RETREEAATING.
 10775 | Lair:5   | 10775 ||| RETREEAATING.
 10776 | Lair:5   | 10776 ||| STILL RETREEAATING.
 10781 | Lair:5   | 10781 ||| INVOKING Heroism.
 10785 | Lair:5   | Killed a dire elephant
 10800 | Lair:5   | Found a runed translucent door.
 10800 | Lair:5   | Found a viscous altar of Jiyva.
 10801 | Lair:5   | Found a staircase to the Slime Pits.
 10809 | Lair:5   | Found the +5 Storm Queen's Shield {shock, Fly rElec}
 11008 | Lair:5   | Reached skill level 12 in Fighting
 11054 | Lair:5   | Received a gift from Okawaru
 11137 | Lair:5   | 11137 ||| INVOKING Finesse.
 11141 | Lair:5   | Killed Sonja
 11155 | Lair:5   | 11155 ||| INVOKING Heroism.
 11160 | Lair:5   | Killed a dire elephant
 11174 | Lair:5   | Killed a dire elephant
 11405 | Lair:5   | 11405 ||| Stepping ~*~*~tactically~*~*~ (retreating).
 11406 | Lair:5   | 11406 ||| Stepping ~*~*~tactically~*~*~ (retreating).
 11407 | Lair:5   | 11407 ||| Stepping ~*~*~tactically~*~*~ (retreating).
 11411 | Lair:5   | 11411 ||| INVOKING Heroism.
 11412 | Lair:5   | 11412 ||| INVOKING Finesse.
 11462 | Lair:5   | 11462 ||| FLEEEEING.
 11463 | Lair:5   | 11463 ||| FLEEEEING.
 11464 | Lair:5   | 11464 ||| FLEEEEING.
 11465 | Lair:5   | 11465 ||| FLEEEEING.
 11466 | Lair:5   | 11466 ||| FLEEEEING.
 11467 | Lair:5   | 11467 ||| RETREEAATING.
 11468 | Lair:5   | 11468 ||| FLEEEEING.
 11474 | Lair:5   | 11474 ||| FLEEEEING.
 11475 | Lair:5   | 11475 ||| FLEEEEING.
 11476 | Lair:5   | 11476 ||| FLEEEEING.
 11478 | Lair:5   | 11478 ||| FLEEEEING.
 11479 | Lair:5   | 11479 ||| FLEEEEING.
 11480 | Lair:5   | 11480 ||| FLEEEEING.
 11481 | Lair:5   | 11481 ||| FLEEEEING.
 11482 | Lair:5   | 11482 ||| FLEEEEING.
 11483 | Lair:5   | 11483 ||| FLEEEEING.
 11485 | Lair:5   | 11485 ||| RETREEAATING.
 11486 | Lair:5   | 11486 ||| STILL RETREEAATING.
 11487 | Lair:5   | 11487 ||| STILL RETREEAATING.
 11488 | Lair:5   | 11488 ||| STILL RETREEAATING.
 11598 | Lair:5   | 11598 ||| INVOKING Heroism.
 11599 | Lair:5   | 11599 ||| INVOKING Finesse.
 11603 | Lair:5   | Reached skill level 13 in Fighting
 11651 | Lair:5   | 11651 ||| INVOKING Heroism.
 11656 | Lair:5   | Killed a dire elephant
 11809 | Lair:5   | Received a gift from Okawaru
 11845 | Lair:5   | 11845 ||| PLANNING D:1-11
 11845 | Lair:5   | 11845 ||| READING scroll labelled OHESKIU QEROQ.
 11846 | Lair:5   | 11846 ||| READING 8 scrolls of identify.
 11846 | Lair:5   | 11846 ||| IDENTIFYING silvery potion
 11847 | Lair:5   | 11847 ||| DROPPING potion of attraction.
 12098 | D:11     | Identified the amulet "Kadash" {Acrobat rN+}
 12375 | D:11     | 12375 ||| STAIRDANCE
 12375 | D:11     | Noticed Nergalle
 12404 | D:10     | 12404 ||| DROPPING scarf of resistance.
 12405 | D:10     | 12405 ||| DROPPING amulet "Kadash" {Acrobat rN+}.
 12408 | D:11     | 12408 ||| STAIRDANCE
 12412 | D:10     | 12412 ||| INVOKING Heroism.
 12517 | D:11     | Killed Nergalle
 12722 | D:11     | Found a hazy altar of Hepliaklqana.
 12970 | D:11     | 12970 ||| PLANNING D
 12970 | D:11     | 12970 ||| DROPPING amulet of regeneration.
 13014 | D:12     | Noticed Snorg
 13015 | D:12     | 13015 ||| INVOKING Heroism.
 13016 | D:12     | 13016 ||| STAIRDANCE
 13025 | D:12     | 13025 ||| INVOKING Finesse.
 13026 | D:12     | 13026 ||| STAIRDANCE
 13051 | D:12     | Killed Snorg
 13194 | D:12     | Noticed Jorgrun
 13195 | D:12     | 13195 ||| INVOKING Heroism.
 13196 | D:12     | 13196 ||| INVOKING Finesse.
 13203 | D:12     | Killed Jorgrun
 13402 | D:12     | Identified the +6 falchion of Honour {flame, Fragile Str+3
                  | Dex+3}
 13433 | D:12     | 13433 ||| RETREEAATING.
 13435 | D:12     | 13435 ||| Stepping ~*~*~tactically~*~*~ (retreating).
 13439 | D:12     | 13439 ||| Stepping ~*~*~tactically~*~*~ (retreating).
 13443 | D:12     | Reached skill level 14 in Fighting
 13517 | D:12     | Noticed Kirke
 13518 | D:12     | 13518 ||| INVOKING Heroism.
 13519 | D:12     | 13519 ||| INVOKING Finesse.
 13523 | D:12     | Reached XP level 15. HP: 100/100 MP: 22/22
 13532 | D:12     | Killed Kirke
 13670 | D:12     | Found a staircase to the Orcish Mines.
 13810 | D:12     | Found a portal to a secret trove of treasure.
 13839 | D:12     | Received a gift from Okawaru
 13880 | D:12     | 13880 ||| UPGRADING to +3 troll leather armour {Snorg}.
 13890 | D:12     | 13890 ||| DROPPING +2 ring mail of cold resistance.
 13891 | D:12     | 13891 ||| DROPPING +0 troll leather armour.
 13939 | D:13     | Noticed Azrael
 13940 | D:13     | 13940 ||| RETREEAATING.
 13941 | D:13     | 13941 ||| INVOKING Heroism.
 13942 | D:13     | 13942 ||| INVOKING Finesse.
 13954 | D:13     | HP: 21/100 [Azrael/damnation (38)]
 13955 | D:13     | 13955 ||| READING 7 scrolls of teleportation.
 13956 | D:13     | 13956 ||| DRINKING 3 potions of heal wounds.
 13959 | D:13     | 13959 ||| DRINKING 2 potions of heal wounds.
 14152 | D:13     | Reached skill level 9 in Dodging
 14156 | D:13     | 14156 ||| Stepping ~*~*~tactically~*~*~ (retreating).
 14157 | D:13     | 14157 ||| Stepping ~*~*~tactically~*~*~ (retreating).
 14158 | D:13     | 14158 ||| Stepping ~*~*~tactically~*~*~ (retreating).
 14179 | D:13     | 14179 ||| Stepping ~*~*~tactically~*~*~ (retreating).
 14181 | D:13     | 14181 ||| Stepping ~*~*~tactically~*~*~ (retreating).
 14187 | D:13     | Received a gift from Okawaru
 14210 | D:13     | Found a gate to the Vaults.
 14362 | D:13     | 14362 ||| INVOKING Heroism.
 14363 | D:13     | 14363 ||| INVOKING Finesse.
 14370 | D:13     | Killed Azrael
 14574 | D:13     | Reached skill level 15 in Fighting
 14761 | D:14     | 14761 ||| RETREEAATING.
 14762 | D:14     | 14762 ||| STILL RETREEAATING.
 14763 | D:14     | 14763 ||| STILL RETREEAATING.
 14765 | D:14     | 14765 ||| STILL RETREEAATING.
 14766 | D:14     | 14766 ||| STILL RETREEAATING.
 14767 | D:14     | 14767 ||| STILL RETREEAATING.
 14768 | D:14     | 14768 ||| STILL RETREEAATING.
 14769 | D:14     | 14769 ||| STILL RETREEAATING.
 14773 | D:14     | 14773 ||| STILL RETREEAATING.
 14777 | D:14     | 14777 ||| RETREEAATING.
 14780 | D:14     | 14780 ||| RETREEAATING.
 14783 | D:14     | 14783 ||| STILL RETREEAATING.
 14787 | D:14     | 14787 ||| Stepping ~*~*~tactically~*~*~ (retreating).
 14795 | D:14     | Received a gift from Okawaru
 14839 | D:14     | Found Kecirud's Magic Scroll Boutique.
 14848 | D:14     | 14848 ||| BUYING scroll of enchant armour (120 gold).
 14848 | D:14     | Bought a scroll of enchant armour for 120 gold pieces
 14848 | D:14     | 14848 ||| BUYING scroll of identify (32 gold).
 14848 | D:14     | Bought a scroll of identify for 32 gold pieces
 14848 | D:14     | 14848 ||| BUYING scroll of teleportation (48 gold).
 14848 | D:14     | Bought a scroll of teleportation for 48 gold pieces
 14848 | D:14     | 14848 ||| BUYING scroll of teleportation (48 gold).
 14848 | D:14     | Bought a scroll of teleportation for 48 gold pieces
 14848 | D:14     | 14848 ||| BUYING scroll of teleportation (48 gold).
 14848 | D:14     | Bought a scroll of teleportation for 48 gold pieces
 14848 | D:14     | 14848 ||| READING scroll of enchant armour.
 14848 | D:14     | 14848 ||| ENCHANTING +0 pair of gloves.
 15000 | D:14     | 15000 ||| RETREEAATING.
 15001 | D:14     | 15001 ||| STILL RETREEAATING.
 15002 | D:14     | 15002 ||| STILL RETREEAATING.
 15108 | D:14     | Found Niech's Overcharged Wands.
 15120 | D:14     | 15120 ||| BUYING wand of digging (11) (693 gold).
 15120 | D:14     | Bought a wand of digging (11) for 693 gold pieces
 15120 | D:14     | 15120 ||| SHOPLISTING wand of digging (11) (693 gold, have
                  | 28).
 15246 | D:14     | 15246 ||| RETREEAATING.
 15248 | D:14     | 15248 ||| RETREEAATING.
 15253 | D:14     | 15253 ||| Stepping ~*~*~tactically~*~*~ (retreating).
 15254 | D:14     | 15254 ||| Stepping ~*~*~tactically~*~*~ (retreating).
 15264 | D:14     | Reached skill level 16 in Fighting
 15297 | D:14     | Found a glowing golden altar of the Shining One.
 15391 | D:14     | 15391 ||| READING 13 scrolls of identify.
 15391 | D:14     | 15391 ||| IDENTIFYING metallic clear potion
 15412 | D:15     | Entered Level 15 of the Dungeon
 15446 | D:15     | 15446 ||| Stepping ~*~*~tactically~*~*~ (cloud).
 15490 | D:15     | Received a gift from Okawaru
 15493 | D:15     | 15493 ||| FLEEEEING.
 15510 | D:15     | Reached XP level 16. HP: 104/110 MP: 23/23
 15520 | D:15     | Found a staircase to the Depths.
 15524 | D:15     | 15524 ||| INVOKING Heroism.
 15525 | D:15     | 15525 ||| RETREEAATING.
 15526 | D:15     | 15526 ||| STILL RETREEAATING.
 15592 | D:15     | 15592 ||| INVOKING Heroism.
 15609 | D:15     | Reached skill level 17 in Fighting
 15901 | D:15     | Received a gift from Okawaru
 15955 | D:15     | 15955 ||| PLANNING ORC
 16082 | Orc:1    | Entered Level 1 of the Orcish Mines
 16097 | Orc:1    | 16097 ||| STAIRDANCE
 16114 | Orc:1    | Noticed Josephine
 16119 | Orc:1    | Killed Josephine
 16223 | Orc:1    | Found Uqexoun's Jewellery Emporium.
 16239 | Orc:1    | 16239 ||| SHOPLISTING +4 ring of slaying (858 gold, have
                  | 350).
 16239 | Orc:1    | 16239 ||| SHOPLISTING +5 ring of evasion (396 gold, have
                  | 350).
 16239 | Orc:1    | 16239 ||| SHOPLISTING +6 ring of dexterity (396 gold, have
                  | 350).
 16362 | Orc:2    | Entered Level 2 of the Orcish Mines
 16362 | Orc:2    | Found Niyckoam's Antique Armour Shoppe.
 16364 | Orc:2    | 16364 ||| INVOKING Heroism.
 16365 | Orc:2    | 16365 ||| STAIRDANCE
 16375 | Orc:2    | 16375 ||| STAIRDANCE
 16381 | Orc:2    | 16381 ||| STAIRDANCE
 16387 | Orc:2    | 16387 ||| STAIRDANCE
 16396 | Orc:2    | 16396 ||| STAIRDANCE
 16412 | Orc:2    | 16412 ||| INVOKING Heroism.
 16413 | Orc:2    | 16413 ||| STAIRDANCE
 16426 | Orc:2    | Found Juel's General Store.
 16460 | Orc:2    | 16460 ||| BUYING faintly humming ring mail (270 gold).
 16460 | Orc:2    | Bought a faintly humming ring mail for 270 gold pieces
 16460 | Orc:2    | Identified the +1 ring mail of Panentheism {rF+} (You
                  | bought it in a shop on level 2 of the Orcish Mines)
 16460 | Orc:2    | 16460 ||| BUYING glowing ring mail (210 gold).
 16460 | Orc:2    | Bought a glowing ring mail for 210 gold pieces
 16489 | Orc:2    | Found a staircase to the Elven Halls.
 16542 | Orc:2    | 16542 ||| DROPPING +1 ring mail of Panentheism {rF+}.
 16729 | Orc:2    | 16729 ||| INVOKING Heroism.
 16743 | Orc:2    | 16743 ||| INVOKING Finesse.
 16770 | Orc:2    | 16770 ||| FLEEEEING.
 16771 | Orc:2    | 16771 ||| FLEEEEING.
 16780 | Orc:2    | 16780 ||| INVOKING Heroism.
 16785 | Orc:2    | 16785 ||| Stepping ~*~*~tactically~*~*~ (retreating).
 16786 | Orc:2    | 16786 ||| Stepping ~*~*~tactically~*~*~ (retreating).
 16787 | Orc:2    | 16787 ||| Stepping ~*~*~tactically~*~*~ (retreating).
 16821 | Orc:2    | Found Vuolux's Book Shoppe.
 16972 | Orc:2    | 16972 ||| INVOKING Heroism.
 16973 | Orc:2    | Received a gift from Okawaru
 16986 | Orc:2    | Noticed Donald
 16987 | Orc:2    | 16987 ||| INVOKING Finesse.
 16995 | Orc:2    | Killed Donald
 17012 | Orc:2    | Found With's Antique Weapon Shop.
 17089 | Orc:2    | 17089 ||| PLANNING SWAMP:1-3
 17275 | Swamp:1  | Entered Level 1 of the Swamp
 17305 | Swamp:1  | 17305 ||| INVOKING Heroism.
 17314 | Swamp:1  | Reached skill level 18 in Fighting
 17319 | Swamp:1  | Reached skill level 9 in Armour
 17400 | Swamp:1  | 17400 ||| RETREEAATING.
 17404 | Swamp:1  | 17404 ||| STILL RETREEAATING.
 17405 | Swamp:1  | 17405 ||| STILL RETREEAATING.
 17406 | Swamp:1  | 17406 ||| Stepping ~*~*~tactically~*~*~ (retreating).
 17409 | Swamp:1  | 17409 ||| Stepping ~*~*~tactically~*~*~ (retreating).
 17410 | Swamp:1  | 17410 ||| STILL RETREEAATING.
 17411 | Swamp:1  | 17411 ||| Stepping ~*~*~tactically~*~*~ (retreating).
 17412 | Swamp:1  | 17412 ||| STILL RETREEAATING.
 17413 | Swamp:1  | 17413 ||| STILL RETREEAATING.
 17414 | Swamp:1  | 17414 ||| STILL RETREEAATING.
 17415 | Swamp:1  | 17415 ||| STILL RETREEAATING.
 17416 | Swamp:1  | 17416 ||| STILL RETREEAATING.
 17417 | Swamp:1  | 17417 ||| STILL RETREEAATING.
 17418 | Swamp:1  | 17418 ||| STILL RETREEAATING.
 17419 | Swamp:1  | 17419 ||| STILL RETREEAATING.
 17420 | Swamp:1  | 17420 ||| Stepping ~*~*~tactically~*~*~ (retreating).
 17421 | Swamp:1  | 17421 ||| STILL RETREEAATING.
 17422 | Swamp:1  | 17422 ||| STILL RETREEAATING.
 17423 | Swamp:1  | 17423 ||| STILL RETREEAATING.
 17424 | Swamp:1  | 17424 ||| STILL RETREEAATING.
 17425 | Swamp:1  | 17425 ||| INVOKING Heroism.
 17426 | Swamp:1  | Received a gift from Okawaru
 17644 | Swamp:1  | 17644 ||| FLEEEEING.
 17645 | Swamp:1  | 17645 ||| FLEEEEING.
 17646 | Swamp:1  | 17646 ||| FLEEEEING.
 17647 | Swamp:1  | 17647 ||| FLEEEEING.
 17648 | Swamp:1  | 17648 ||| FLEEEEING.
 17649 | Swamp:1  | 17649 ||| INVOKING Heroism.
 17651 | Swamp:1  | 17651 ||| Stepping ~*~*~tactically~*~*~ (retreating).
 17974 | Swamp:2  | 17974 ||| INVOKING Heroism.
 17975 | Swamp:2  | 17975 ||| STAIRDANCE
 17991 | Swamp:2  | 17991 ||| STAIRDANCE
 18021 | Swamp:2  | 18021 ||| STAIRDANCE
 18036 | Swamp:2  | 18036 ||| STAIRDANCE
 18082 | Swamp:2  | 18082 ||| INVOKING Heroism.
 18083 | Swamp:2  | 18083 ||| STAIRDANCE
 18130 | Swamp:2  | Received a gift from Okawaru
 18138 | Swamp:2  | 18138 ||| INVOKING Heroism.
 18142 | Swamp:2  | Reached skill level 19 in Fighting
 18142 | Swamp:2  | Reached XP level 17. HP: 101/122 MP: 24/24
 18188 | Swamp:2  | 18188 ||| INVOKING Heroism.
 18197 | Swamp:2  | 18197 ||| Stepping ~*~*~tactically~*~*~ (retreating).
 18198 | Swamp:2  | 18198 ||| RETREEAATING.
 18199 | Swamp:2  | 18199 ||| Stepping ~*~*~tactically~*~*~ (retreating).
 18200 | Swamp:2  | 18200 ||| Stepping ~*~*~tactically~*~*~ (retreating).
 18201 | Swamp:2  | 18201 ||| Stepping ~*~*~tactically~*~*~ (retreating).
 18221 | Swamp:2  | 18221 ||| INVOKING Heroism.
 18228 | Swamp:2  | 18228 ||| Stepping ~*~*~tactically~*~*~ (cloud).
 18572 | Swamp:3  | 18572 ||| RETREEAATING.
 18573 | Swamp:3  | 18573 ||| Stepping ~*~*~tactically~*~*~ (retreating).
 18574 | Swamp:3  | 18574 ||| Stepping ~*~*~tactically~*~*~ (retreating).
 18575 | Swamp:3  | 18575 ||| Stepping ~*~*~tactically~*~*~ (retreating).
 18576 | Swamp:3  | 18576 ||| Stepping ~*~*~tactically~*~*~ (retreating).
 18577 | Swamp:3  | 18577 ||| Stepping ~*~*~tactically~*~*~ (retreating).
 18580 | Swamp:3  | 18580 ||| INVOKING Heroism.
 18585 | Swamp:3  | 18585 ||| Stepping ~*~*~tactically~*~*~ (retreating).
 18591 | Swamp:3  | HP: 29/122 [will-o-the-wisp/foxfire (3)]
 18592 | Swamp:3  | 18592 ||| READING 9 scrolls of teleportation.
 18592 | Swamp:3  | HP: 10/122 [alligator (14)]
 18593 | Swamp:3  | 18593 ||| DRINKING 2 potions of heal wounds.
 18607 | Swamp:3  | Reached skill level 12 in Dodging
 18608 | Swamp:3  | 18608 ||| Stepping ~*~*~tactically~*~*~ (retreating).
 18636 | Swamp:3  | 18636 ||| INVOKING Heroism.
 18696 | Swamp:3  | 18696 ||| Stepping ~*~*~tactically~*~*~ (retreating).
 18697 | Swamp:3  | 18697 ||| Stepping ~*~*~tactically~*~*~ (retreating).
 18698 | Swamp:3  | 18698 ||| Stepping ~*~*~tactically~*~*~ (retreating).
 18699 | Swamp:3  | 18699 ||| Stepping ~*~*~tactically~*~*~ (retreating).
 18700 | Swamp:3  | 18700 ||| Stepping ~*~*~tactically~*~*~ (retreating).
 18701 | Swamp:3  | 18701 ||| Stepping ~*~*~tactically~*~*~ (retreating).
 18702 | Swamp:3  | 18702 ||| Stepping ~*~*~tactically~*~*~ (retreating).
 18707 | Swamp:3  | 18707 ||| INVOKING Heroism.
 18708 | Swamp:3  | Received a gift from Okawaru
 19109 | Swamp:3  | 19109 ||| PLANNING SPIDER:1-3
 19109 | Swamp:3  | 19109 ||| UPGRADING to +1 helmet.
 19119 | Swamp:3  | 19119 ||| DROPPING +0 helmet.
 19210 | Spider:1 | Entered Level 1 of the Spider Nest
 19502 | Spider:1 | 19502 ||| INVOKING Heroism.
 19987 | Spider:1 | 19987 ||| FLEEEEING.
 19990 | Spider:1 | 19990 ||| FLEEEEING.
 20100 | Spider:1 | Reached skill level 20 in Fighting
 20227 | Spider:1 | 20227 ||| READING scroll labelled OTWONW BIVEA.
 20308 | Spider:2 | 20308 ||| INVOKING Finesse.
 20311 | Spider:2 | Received a gift from Okawaru
 20313 | Spider:2 | 20313 ||| RETREEAATING.
 20314 | Spider:2 | 20314 ||| STILL RETREEAATING.
 20315 | Spider:2 | 20315 ||| Stepping ~*~*~tactically~*~*~ (retreating).
 20316 | Spider:2 | 20316 ||| Stepping ~*~*~tactically~*~*~ (retreating).
 20317 | Spider:2 | 20317 ||| Stepping ~*~*~tactically~*~*~ (retreating).
 20321 | Spider:2 | 20321 ||| DRINKING 4 potions of curing.
 20321 | Spider:2 | 20321 ||| (to cure confusion)
 20322 | Spider:2 | 20322 ||| DRINKING 3 potions of curing.
 20322 | Spider:2 | 20322 ||| (to cure confusion)
 20340 | Spider:2 | 20340 ||| Stepping ~*~*~tactically~*~*~ (retreating).
 20343 | Spider:2 | 20343 ||| RETREEAATING.
 20344 | Spider:2 | 20344 ||| INVOKING Heroism.
 20344 | Spider:2 | Noticed Nikola
 20350 | Spider:2 | Killed Nikola
 20838 | Spider:2 | 20838 ||| DROPPING +6 ring of intelligence.
 20892 | Spider:3 | 20892 ||| INVOKING Finesse.
 20983 | Spider:3 | 20983 ||| INVOKING Heroism.
 20985 | Spider:3 | 20985 ||| RETREEAATING.
 20986 | Spider:3 | 20986 ||| Stepping ~*~*~tactically~*~*~ (retreating).
 21369 | Spider:3 | Found a runed translucent door.
 21369 | Spider:3 | Noticed qw's ghost (adept MiHs)
 21384 | Spider:3 | 21384 ||| RETREEAATING.
 21385 | Spider:3 | 21385 ||| STILL RETREEAATING.
 21386 | Spider:3 | 21386 ||| Stepping ~*~*~tactically~*~*~ (retreating).
 21387 | Spider:3 | 21387 ||| Stepping ~*~*~tactically~*~*~ (retreating).
 21388 | Spider:3 | 21388 ||| Stepping ~*~*~tactically~*~*~ (retreating).
 21392 | Spider:3 | 21392 ||| Stepping ~*~*~tactically~*~*~ (retreating).
 21393 | Spider:3 | 21393 ||| Stepping ~*~*~tactically~*~*~ (retreating).
 21583 | Spider:3 | 21583 ||| INVOKING Finesse.
 21620 | Spider:3 | Reached XP level 18. HP: 129/129 MP: 25/25
 21622 | Spider:3 | Received a gift from Okawaru
 21739 | Spider:3 | 21739 ||| INVOKING Heroism.
 22228 | Spider:3 | 22228 ||| PLANNING SWAMP:4
 22433 | Swamp:4  | Entered Level 4 of the Swamp
 22436 | Swamp:4  | Found a runed translucent door.
 22437 | Swamp:4  | Noticed qw's ghost (adept GrFi)
 22457 | Swamp:4  | 22457 ||| RETREEAATING.
 22492 | Swamp:4  | 22492 ||| INVOKING Heroism.
 22523 | Swamp:4  | Reached skill level 21 in Fighting
 22566 | Swamp:4  | 22566 ||| RETREEAATING.
 22567 | Swamp:4  | 22567 ||| STILL RETREEAATING.
 22568 | Swamp:4  | 22568 ||| STILL RETREEAATING.
 22569 | Swamp:4  | 22569 ||| STILL RETREEAATING.
 22577 | Swamp:4  | 22577 ||| INVOKING Heroism.
 22585 | Swamp:4  | 22585 ||| INVOKING Finesse.
 22588 | Swamp:4  | 22588 ||| RETREEAATING.
 22589 | Swamp:4  | 22589 ||| STILL RETREEAATING.
 22590 | Swamp:4  | 22590 ||| STILL RETREEAATING.
 22591 | Swamp:4  | 22591 ||| STILL RETREEAATING.
 22592 | Swamp:4  | 22592 ||| STILL RETREEAATING.
 22609 | Swamp:4  | Received a gift from Okawaru
 22675 | Swamp:4  | 22675 ||| RETREEAATING.
 22771 | Swamp:4  | Got a decaying rune of Zot
 22969 | Swamp:4  | 22969 ||| PLANNING VAULTS:1-4
 23117 | Vaults:1 | Entered Level 1 of the Vaults
 23243 | Vaults:1 | Reached skill level 22 in Fighting
 23267 | Vaults:1 | 23267 ||| Stepping ~*~*~tactically~*~*~ (retreating).
 23268 | Vaults:1 | 23268 ||| Stepping ~*~*~tactically~*~*~ (retreating).
 23269 | Vaults:1 | 23269 ||| Stepping ~*~*~tactically~*~*~ (retreating).
 23270 | Vaults:1 | 23270 ||| Stepping ~*~*~tactically~*~*~ (retreating).
 23271 | Vaults:1 | 23271 ||| Stepping ~*~*~tactically~*~*~ (retreating).
 23278 | Vaults:1 | 23278 ||| RETREEAATING.
 23279 | Vaults:1 | Received a gift from Okawaru
 23291 | Vaults:1 | 23291 ||| RETREEAATING.
 23303 | Vaults:1 | 23303 ||| INVOKING Heroism.
 23491 | Vaults:1 | 23491 ||| RETREEAATING.
 23492 | Vaults:1 | 23492 ||| STILL RETREEAATING.
 23493 | Vaults:1 | 23493 ||| STILL RETREEAATING.
 23494 | Vaults:1 | 23494 ||| STILL RETREEAATING.
 23495 | Vaults:1 | 23495 ||| STILL RETREEAATING.
 23496 | Vaults:1 | 23496 ||| STILL RETREEAATING.
 23498 | Vaults:1 | 23498 ||| STILL RETREEAATING.
 23499 | Vaults:1 | 23499 ||| STILL RETREEAATING.
 23500 | Vaults:1 | 23500 ||| STILL RETREEAATING.
 23501 | Vaults:1 | 23501 ||| RETREEAATING.
 23502 | Vaults:1 | 23502 ||| STILL RETREEAATING.
 23503 | Vaults:1 | 23503 ||| STILL RETREEAATING.
 23504 | Vaults:1 | 23504 ||| STILL RETREEAATING.
 23505 | Vaults:1 | 23505 ||| STILL RETREEAATING.
 23515 | Vaults:1 | 23515 ||| Stepping ~*~*~tactically~*~*~ (retreating).
 23516 | Vaults:1 | 23516 ||| Stepping ~*~*~tactically~*~*~ (retreating).
 23517 | Vaults:1 | 23517 ||| Stepping ~*~*~tactically~*~*~ (retreating).
 23518 | Vaults:1 | 23518 ||| Stepping ~*~*~tactically~*~*~ (retreating).
 23519 | Vaults:1 | 23519 ||| Stepping ~*~*~tactically~*~*~ (retreating).
 23520 | Vaults:1 | 23520 ||| Stepping ~*~*~tactically~*~*~ (retreating).
 23521 | Vaults:1 | 23521 ||| Stepping ~*~*~tactically~*~*~ (retreating).
 23522 | Vaults:1 | 23522 ||| Stepping ~*~*~tactically~*~*~ (retreating).
 23523 | Vaults:1 | 23523 ||| Stepping ~*~*~tactically~*~*~ (retreating).
 23524 | Vaults:1 | 23524 ||| Stepping ~*~*~tactically~*~*~ (retreating).
 23525 | Vaults:1 | 23525 ||| INVOKING Heroism.
 23920 | Vaults:1 | 23920 ||| RETREEAATING.
 23922 | Vaults:1 | 23922 ||| RETREEAATING.
 23924 | Vaults:1 | 23924 ||| RETREEAATING.
 24024 | Vaults:1 | 24024 ||| FLEEEEING.
 24025 | Vaults:1 | 24025 ||| FLEEEEING.
 24027 | Vaults:1 | 24027 ||| FLEEEEING.
 24028 | Vaults:1 | 24028 ||| FLEEEEING.
 24029 | Vaults:1 | 24029 ||| FLEEEEING.
 24031 | Vaults:1 | 24031 ||| FLEEEEING.
 24032 | Vaults:1 | 24032 ||| FLEEEEING.
 24041 | Vaults:1 | 24041 ||| FLEEEEING.
 24042 | Vaults:1 | 24042 ||| STAIRDANCE
 24201 | Vaults:1 | Found Vuwie's General Store.
 24210 | Vaults:1 | 24210 ||| BUYING potion of haste (150 gold).
 24210 | Vaults:1 | Bought a potion of haste for 150 gold pieces
 24227 | Vaults:1 | Received a gift from Okawaru
 24564 | Vaults:1 | 24564 ||| READING scroll of enchant armour.
 24564 | Vaults:1 | 24564 ||| ENCHANTING +1 pair of gloves.
 24634 | Vaults:2 | 24634 ||| RETREEAATING.
 24635 | Vaults:2 | 24635 ||| STILL RETREEAATING.
 24645 | Vaults:2 | Reached XP level 19. HP: 139/139 MP: 26/26
 24649 | Vaults:2 | 24649 ||| STILL RETREEAATING.
 24650 | Vaults:2 | 24650 ||| STILL RETREEAATING.
 24651 | Vaults:2 | 24651 ||| STILL RETREEAATING.
 24652 | Vaults:2 | 24652 ||| STILL RETREEAATING.
 24653 | Vaults:2 | 24653 ||| STILL RETREEAATING.
 24654 | Vaults:2 | 24654 ||| STILL RETREEAATING.
 24655 | Vaults:2 | 24655 ||| STILL RETREEAATING.
 24677 | Vaults:2 | You are sucked into a shaft and drop 1 floor!
 24686 | Vaults:3 | 24686 ||| INVOKING Heroism.
 24694 | Vaults:3 | Received a gift from Okawaru
 24696 | Vaults:3 | HP: 30/140 [deep troll[an ironbound preserver] (9)]
 24697 | Vaults:3 | 24697 ||| READING 8 scrolls of teleportation.
 24698 | Vaults:3 | 24698 ||| DRINKING 2 potions of heal wounds.
 24745 | Vaults:3 | Reached skill level 23 in Fighting
 24748 | Vaults:3 | 24748 ||| RETREEAATING.
 24749 | Vaults:3 | 24749 ||| STILL RETREEAATING.
 24752 | Vaults:3 | 24752 ||| INVOKING Heroism.
 24772 | Vaults:3 | 24772 ||| DRINKING 4 potions of curing.
 24772 | Vaults:3 | 24772 ||| (to cure confusion)
 24773 | Vaults:3 | 24773 ||| INVOKING Finesse.
 24776 | Vaults:3 | 24776 ||| INVOKING Heroism.
 24810 | Vaults:3 | Received a gift from Okawaru
 24973 | Vaults:3 | 24973 ||| RETREEAATING.
 24977 | Vaults:3 | 24977 ||| INVOKING Heroism.
 25017 | Vaults:3 | Reached skill level 15 in Dodging
 25172 | Vaults:3 | 25172 ||| Stepping ~*~*~tactically~*~*~ (retreating).
 25299 | Vaults:3 | Found Hyw Nism's Antique Armour Boutique.
 25304 | Vaults:3 | 25304 ||| BUYING encrusted cloak (266 gold).
 25304 | Vaults:3 | Bought an encrusted cloak for 266 gold pieces
 25304 | Vaults:3 | Identified the +1 cloak "Wung" {Harm rN+ Slay+3} (You
                  | bought it in a shop on level 3 of the Vaults)
 25304 | Vaults:3 | 25304 ||| BUYING glowing leather armour (140 gold).
 25304 | Vaults:3 | Bought a glowing leather armour for 140 gold pieces
 25304 | Vaults:3 | 25304 ||| BUYING runed ring mail (196 gold).
 25304 | Vaults:3 | Bought a runed ring mail for 196 gold pieces
 25375 | Vaults:3 | 25375 ||| RETREEAATING.
 25376 | Vaults:3 | 25376 ||| STILL RETREEAATING.
 25377 | Vaults:3 | 25377 ||| STILL RETREEAATING.
 25380 | Vaults:3 | 25380 ||| STILL RETREEAATING.
 25382 | Vaults:3 | 25382 ||| STILL RETREEAATING.
 25399 | Vaults:3 | Received a gift from Okawaru
 25589 | Vaults:3 | 25589 ||| DROPPING +3 leather armour of willpower.
 25590 | Vaults:3 | 25590 ||| DROPPING +4 ring mail of poison resistance.
 25637 | Vaults:2 | 25637 ||| INVOKING Finesse.
 25688 | Vaults:2 | Paralysed by a great orb of eyes for 5 turns
 25693 | Vaults:2 | 25693 ||| Stepping ~*~*~tactically~*~*~ (retreating).
 25695 | Vaults:2 | 25695 ||| INVOKING Heroism.
 25697 | Vaults:2 | 25697 ||| DRINKING 3 potions of curing.
 25697 | Vaults:2 | 25697 ||| (to cure confusion)
 25700 | Vaults:2 | 25700 ||| DRINKING 2 potions of curing.
 25700 | Vaults:2 | 25700 ||| (to cure confusion)
 25701 | Vaults:2 | 25701 ||| INVOKING Finesse.
 25702 | Vaults:2 | HP: 31/144 [great orb of eyes (10)]
 25703 | Vaults:2 | 25703 ||| READING 8 scrolls of teleportation.
 25703 | Vaults:2 | HP: 6/144 [orc knight/+3 battleaxe (14)]
 25704 | Vaults:2 | 25704 ||| DRINKING potion of heal wounds.
 25932 | Vaults:2 | 25932 ||| RETREEAATING.
 25933 | Vaults:2 | 25933 ||| STILL RETREEAATING.
 25934 | Vaults:2 | 25934 ||| STILL RETREEAATING.
 25935 | Vaults:2 | 25935 ||| STILL RETREEAATING.
 25936 | Vaults:2 | 25936 ||| STILL RETREEAATING.
 25937 | Vaults:2 | 25937 ||| STILL RETREEAATING.
 25940 | Vaults:2 | 25940 ||| STILL RETREEAATING.
 25941 | Vaults:2 | 25941 ||| STILL RETREEAATING.
 25942 | Vaults:2 | 25942 ||| STILL RETREEAATING.
 25943 | Vaults:2 | 25943 ||| STILL RETREEAATING.
 25944 | Vaults:2 | 25944 ||| STILL RETREEAATING.
 26197 | Vaults:2 | 26197 ||| Stepping ~*~*~tactically~*~*~ (retreating).
 26198 | Vaults:2 | 26198 ||| RETREEAATING.
 26199 | Vaults:2 | 26199 ||| STILL RETREEAATING.
 26200 | Vaults:2 | 26200 ||| STILL RETREEAATING.
 26201 | Vaults:2 | 26201 ||| STILL RETREEAATING.
 26206 | Vaults:2 | Received a gift from Okawaru
 26212 | Vaults:2 | Reached skill level 24 in Fighting
 26247 | Vaults:2 | Reached XP level 20. HP: 150/150 MP: 27/27
 26408 | Vaults:2 | 26408 ||| INVOKING Heroism.
 26409 | Vaults:2 | 26409 ||| INVOKING Finesse.
 26414 | Vaults:2 | 26414 ||| Stepping ~*~*~tactically~*~*~ (cloud).
 26428 | Vaults:2 | Reached skill level 12 in Armour
 26452 | Vaults:2 | Found a gateway to a bazaar.
 26453 | Vaults:2 | 26453 ||| PLANNING BAZAAR
 26458 | Bazaar   | Entered a bazaar
 26470 | Bazaar   | Found Oxoloogo's Jewellery Shop.
 26478 | Bazaar   | 26478 ||| BUYING +5 ring of evasion (684 gold).
 26478 | Bazaar   | Bought a +5 ring of evasion for 684 gold pieces
 26498 | Bazaar   | Found Nets's Magic Scroll Shop.
 26506 | Bazaar   | 26506 ||| BUYING scroll of teleportation (57 gold).
 26506 | Bazaar   | Bought a scroll of teleportation for 57 gold pieces
 26512 | Bazaar   | Found Rucoc's Magic Scroll Emporium.
 26516 | Bazaar   | 26516 ||| BUYING scroll of teleportation (33 gold).
 26516 | Bazaar   | Bought a scroll of teleportation for 33 gold pieces
 26547 | Bazaar   | Found Pumoffao's Armour Emporium.
 26556 | Bazaar   | Found Empofash's Antique Armour Shop.
 26653 | Bazaar   | 26653 ||| UPGRADING to +5 ring of evasion.
 26655 | Bazaar   | 26655 ||| DROPPING ring of positive energy.
 26656 | Bazaar   | 26656 ||| DROPPING ring of willpower.
 26657 | Bazaar   | 26657 ||| DROPPING ring of see invisible.
 26734 | Vaults:2 | 26734 ||| PLANNING VAULTS:1-4
 26976 | Vaults:2 | 26976 ||| RETREEAATING.
 26977 | Vaults:2 | 26977 ||| STILL RETREEAATING.
 26979 | Vaults:2 | 26979 ||| STILL RETREEAATING.
 26983 | Vaults:2 | 26983 ||| STILL RETREEAATING.
 26984 | Vaults:2 | 26984 ||| STILL RETREEAATING.
 26985 | Vaults:2 | 26985 ||| Stepping ~*~*~tactically~*~*~ (retreating).
 26986 | Vaults:2 | 26986 ||| Stepping ~*~*~tactically~*~*~ (retreating).
 26987 | Vaults:2 | 26987 ||| Stepping ~*~*~tactically~*~*~ (retreating).
 27085 | Vaults:2 | 27085 ||| RETREEAATING.
 27086 | Vaults:2 | 27086 ||| STILL RETREEAATING.
 27087 | Vaults:2 | 27087 ||| STILL RETREEAATING.
 27088 | Vaults:2 | 27088 ||| STILL RETREEAATING.
 27089 | Vaults:2 | 27089 ||| STILL RETREEAATING.
 27090 | Vaults:2 | 27090 ||| STILL RETREEAATING.
 27091 | Vaults:2 | 27091 ||| STILL RETREEAATING.
 27092 | Vaults:2 | 27092 ||| STILL RETREEAATING.
 27093 | Vaults:2 | 27093 ||| STILL RETREEAATING.
 27094 | Vaults:2 | 27094 ||| STILL RETREEAATING.
 27098 | Vaults:2 | 27098 ||| STILL RETREEAATING.
 27099 | Vaults:2 | 27099 ||| STILL RETREEAATING.
 27100 | Vaults:2 | 27100 ||| STILL RETREEAATING.
 27101 | Vaults:2 | 27101 ||| STILL RETREEAATING.
 27102 | Vaults:2 | 27102 ||| STILL RETREEAATING.
 27103 | Vaults:2 | 27103 ||| STILL RETREEAATING.
 27104 | Vaults:2 | 27104 ||| STILL RETREEAATING.
 27105 | Vaults:2 | 27105 ||| STILL RETREEAATING.
 27106 | Vaults:2 | 27106 ||| STILL RETREEAATING.
 27108 | Vaults:2 | 27108 ||| Stepping ~*~*~tactically~*~*~ (retreating).
 27118 | Vaults:2 | Received a gift from Okawaru
 27426 | Vaults:3 | Found a staircase to the Crypt.
 27580 | Vaults:3 | 27580 ||| RETREEAATING.
 27581 | Vaults:3 | 27581 ||| STILL RETREEAATING.
 27583 | Vaults:3 | 27583 ||| STILL RETREEAATING.
 27589 | Vaults:3 | 27589 ||| INVOKING Heroism.
 27595 | Vaults:3 | 27595 ||| Stepping ~*~*~tactically~*~*~ (retreating).
 27598 | Vaults:3 | 27598 ||| Stepping ~*~*~tactically~*~*~ (retreating).
 27599 | Vaults:3 | 27599 ||| STILL RETREEAATING.
 27837 | Vaults:4 | 27837 ||| RETREEAATING.
 27840 | Vaults:4 | 27840 ||| Stepping ~*~*~tactically~*~*~ (retreating).
 27993 | Vaults:4 | Found Vemmo's Book Shoppe.
 28040 | Vaults:4 | 28040 ||| INVOKING Finesse.
 28044 | Vaults:4 | Received a gift from Okawaru
 28246 | Vaults:4 | Found Cimimera's Magic Scroll Shoppe.
 28255 | Vaults:4 | 28255 ||| BUYING scroll of teleportation (63 gold).
 28255 | Vaults:4 | Bought a scroll of teleportation for 63 gold pieces
 28255 | Vaults:4 | 28255 ||| SHOPLISTING scroll of teleportation (63 gold,
                  | have 3).
 28276 | Vaults:4 | 28276 ||| RETREEAATING.
 28278 | Vaults:4 | 28278 ||| STILL RETREEAATING.
 28503 | Vaults:4 | 28503 ||| INVOKING Heroism.
 28504 | Vaults:4 | 28504 ||| RETREEAATING.
 28505 | Vaults:4 | 28505 ||| INVOKING Finesse.
 28509 | Vaults:4 | 28509 ||| STILL RETREEAATING.
 28512 | Vaults:4 | Received a gift from Okawaru
 28607 | Vaults:4 | 28607 ||| RETREEAATING.
 28608 | Vaults:4 | 28608 ||| STILL RETREEAATING.
 28611 | Vaults:4 | 28611 ||| Stepping ~*~*~tactically~*~*~ (retreating).
 28675 | Vaults:4 | 28675 ||| RETREEAATING.
 28677 | Vaults:4 | Reached skill level 25 in Fighting
 28679 | Vaults:4 | 28679 ||| STILL RETREEAATING.
 28784 | Vaults:4 | Found Koroat's Antique Weapon Shoppe.
 28849 | Vaults:4 | 28849 ||| RETREEAATING.
 28850 | Vaults:4 | 28850 ||| STILL RETREEAATING.
 28851 | Vaults:4 | 28851 ||| STILL RETREEAATING.
 28852 | Vaults:4 | 28852 ||| STILL RETREEAATING.
 28853 | Vaults:4 | 28853 ||| Stepping ~*~*~tactically~*~*~ (retreating).
 28853 | Vaults:4 | Found a gateway to a bazaar.
 28854 | Vaults:4 | 28854 ||| PLANNING BAZAAR
 28854 | Vaults:4 | 28854 ||| Stepping ~*~*~tactically~*~*~ (retreating).
 28855 | Vaults:4 | 28855 ||| INVOKING Finesse.
 28882 | Bazaar   | Entered a bazaar
 28882 | Bazaar   | Found Guchid's Jewellery Shop.
 28882 | Bazaar   | Found Giugo's Antique Weapon Shop.
 28882 | Bazaar   | Found Folud's Antique Weapon Shoppe.
 28884 | Bazaar   | Found Esyr's Armour Shoppe.
 28884 | Bazaar   | Found Xyuwneoch's Armour Boutique.
 28929 | Vaults:4 | 28929 ||| PLANNING VAULTS:1-4
 29247 | Vaults:4 | 29247 ||| PLANNING SPIDER:4
 29599 | Spider:4 | Entered Level 4 of the Spider Nest
 29600 | Spider:4 | 29600 ||| RETREEAATING.
 29601 | Spider:4 | 29601 ||| Stepping ~*~*~tactically~*~*~ (retreating).
 29602 | Spider:4 | 29602 ||| Stepping ~*~*~tactically~*~*~ (retreating).
 29605 | Spider:4 | 29605 ||| Stepping ~*~*~tactically~*~*~ (retreating).
 29607 | Spider:4 | Received a gift from Okawaru
 29615 | Spider:4 | 29615 ||| INVOKING Heroism.
 29618 | Spider:4 | Reached XP level 21. HP: 57/159 MP: 8/28
 29619 | Spider:4 | HP: 33/159 [culicivora (15)]
 29619 | Spider:4 | HP: 7/159 [meliai/divine providence (12)]
 29620 | Spider:4 | 29620 ||| READING 12 scrolls of teleportation.
 29620 | Spider:4 | HP: 3/159 [burnt (4)]
 29620 | Spider:4 | Slain by a meliai

Levels and vault maps discovered:
D:1:      saegor_arrival_simple_d, layout_basic, ebering_dispersal_statue_hall
D:2:      layout_loops_cross
D:3:      layout_loops_cross, hellmonk_ecumenical_altar_lost_god, uniq_natasha
D:4:      layout_basic, uniq_duvessa
D:5:      layout_cave_pools, minmay_temple_entry_enclosed_plants,
          serial_column_ruins, column_ruins_columns_corner,
          column_ruins_open_tiny, column_ruins_open_medium,
          column_ruins_columns_dead_end
D:6:      layout_basic
D:7:      layout_basic, serial_shops, nicolae_shop_stone, uniq_pikel
D:8:      kennysheep_blocky_room, layout_basic, serial_shops,
          nicolae_shop_window_shopping, nicolae_shop_tiny_waterfront
D:9:      layout_cave_pods, grunt_temple_overflow_open
D:10:     layout_rooms, grunt_lair_entry_orc_guard_hut, doesnt_shop_hydraphobe
D:11:     layout_stronghold, nicolae_hepliaklqana_hippocampus, uniq_nergalle
D:12:     layout_roguey, david_orc_4, nicolae_trove_entry_crystal, uniq_kirke,
          uniq_snorg, uniq_jorgrun
D:13:     layout_gridville, lightli_vaults_fourway_checkpoint, uniq_azrael
D:14:     layout_irregular_city, nicolae_tso_swordbearing_angel, serial_shops,
          shop, nicolae_shop_overcharged_wands
D:15:     gammafunk_depths_entry_grave, layout_basic
Temple:   minmay_crystal_spiral_temple
Lair:1:   layout_cave_shapes, uniq_amaemon
Lair:2:   layout_regular_city, minmay_swamp_entry_reptiles, grunt_megastairs_2,
          uniq_erica
Lair:3:   layout_concentric_octagons, spider_nest_entry_webs, special_room
          [special_room_mythical_zoo], minmay_holes, kennysheep_basilisk_garden,
          lemuel_fruit_tree, serial_bayou_shore_b
Lair:4:   beargit_carnivore_pack, layout_small_grid
Lair:5:   due_jungle_book, layout_regular_city, slime_entry_2,
          patterned_corridor, grunt_megastairs_4, uniq_sonja
Swamp:1:  layout_basic_swamp, serial_swamp_ruin, evilmike_swamp_ruin_house_5,
          evilmike_swamp_ruin_rubble_1, nzn_swamp_dancing_lights
Swamp:2:  layout_basic_swamp, hangedman_swamp_ruin_wall,
          infiniplex_staircase_pool_2
Swamp:3:  layout_falls_marsh, nicolae_swamp_tree_designs, swamp_pool3,
          infiniplex_staircase_pool
Swamp:4:  swamp, layout_basic_swamp, gammafunk_ghost_grave, swamp_pool1
Spider:1: layout_spider_delve
Spider:2: layout_spider_delve, uniq_nikola
Spider:3: layout_spider_delve, hellmonk_ghost_happy_afterlife
Spider:4: guppyfry_spider_rune, nicolae_spider_shape
Orc:1:    layout_caves, minmay_shop_enchanted_jewellery, uniq_josephine
Orc:2:    grunt_orc_gardens, layout_caves, grunt_orc_garden, grunt_orc_garden,
          grunt_orc_garden, grunt_orc_garden, basic_altar,
          nicolae_orc_damp_corner, uniq_donald
Vaults:1: nicolae_vaults_closet_pinwheel_6, nicolae_vaults_closet_pinwheel_2,
          nicolae_vaults_offset_grid_hallway_1, vaults_room_octagon, v_rooms_4,
          special_room_vaults [special_room_orc],
          nicolae_vaults_closet_pinwheel_3, hangedman_vaults_variations,
          nicolae_vaults_steering_wheel, nicolae_vaults_trapezoid_2,
          vaults_dpeg_cross, layout_vaults_maze_snakey, serial_shops, shop
Vaults:2: ontoclasm_vaults_bender, v_misc_11, v_rooms_3, vaults_dpeg_hooks,
          hangedman_vaults_cutoff, v_pattern_1, nicolae_vaults_tetromino_T_1,
          grunt_vaults_focal, nicolae_vaults_diagonal_hallway_6,
          v_alt_pattern_4, nicolae_vaults_sightless_eye,
          layout_vaults_quadrants, serial_shops, statue_bzr
Vaults:3: vaults_mumra_chevron, v_misc_15, vaults_mumra_hex,
          nicolae_vaults_alarming, minmay_crypt_entry_simple_sparse, v_misc_5,
          hangedman_vaults_maws, ontoclasm_vaults_spin, nicolae_vaults_six-pack,
          layout_vaults_ring, serial_shops, nicolae_shop_hallway_plus
Vaults:4: ontoclasm_vaults_ring_small, v_misc_17,
          nicolae_vaults_big_angled_halls, nicolae_vaults_network_periphery,
          hangedman_vaults_cutoff, nicolae_vaults_meiosis,
          nicolae_vaults_network_star, v_misc_15, nicolae_vaults_tangram_2,
          v_misc_16, vaults_room_door_hall, ontoclasm_vaults_chip,
          layout_vaults_big_cross, serial_shops, bzr_entry_islet,
          nicolae_shop_crystal, nicolae_shop_waterfront,
          nicolae_shop_tiny_statue_garden

Skill      XL: |  1  2  3  4  5  6  7  8  9 10 11 12 13 14 15 16 17 18 19 20 |
---------------+-------------------------------------------------------------+-----
Ranged Weapons | 5 6 7 8 10 11 12 13 15 17 18 | 18.0
Fighting       | 3 4 5 6 7 8 9 10 11 14 16 19 20 22 24 25 | 25.4
Armour         | 1 2 4 5 6 8 9 10 11 12 | 12.0
Dodging        | 2 3 4 5 6 7 10 11 13 14 15 16 | 16.0
Invocations    | 5 6 9 10 | 10.0
Stealth        | |  1.1

Action                     |  1- 3 |  4- 6 |  7- 9 | 10-12 | 13-15 | 16-18 | 19-21 || total
---------------------------+-------+-------+-------+-------+-------+-------+-------++-------
   Fire: Shortbow          |    53 |       |       |       |       |       |       ||    53
         Arbalest          |    23 |    50 |   103 |   258 |   533 |   866 |   538 ||  2371
 Invoke: Heroism           |       |       |     5 |    12 |    18 |    26 |     9 ||    70
         Finesse           |       |       |       |     1 |     9 |     6 |     7 ||    23
         Receive Weapon    |       |       |       |       |     1 |       |       ||     1
         Receive Armour    |       |       |       |       |     1 |       |       ||     1
    Use: Scroll            |     6 |     3 |    10 |     4 |     7 |     3 |     3 ||    36
         Potion            |     1 |       |     2 |       |     2 |     3 |     5 ||    13
 Armour: Leather armour    |     9 |       |     7 |     1 |       |       |       ||    17
         Ring mail         |       |     4 |     1 |    59 |    83 |       |       ||   147
         Troll leather arm |       |       |       |       |    38 |   308 |   200 ||   546
  Dodge: Dodged            |    25 |     7 |     6 |    52 |   110 |   399 |   385 ||   984
  Block: Other             |       |       |     1 |    14 |       |       |       ||    15
         Reflection        |       |       |     1 |     1 |       |       |       ||     2

Table legend:
 A = Non-vault XP
 B = Vault XP
 C = Vault XP percentage of total XP
 D = Non-vault monster count
 E = Vault monster count
 F = Vault count percentage of total count
                 A         B        C        D         E       F
            +---------+---------+-------+---------+---------+-------
      Total |  318528 |  174267 |  35.4 |     859 |     352 |  29.1
            +---------+---------+-------+---------+---------+-------
        D:1 |      40 |       0 |   0.0 |      24 |       0 |   0.0
        D:2 |       7 |       0 |   0.0 |       5 |       0 |   0.0
        D:3 |     132 |      35 |  21.0 |      20 |       1 |   4.8
        D:4 |     228 |     219 |  49.0 |      27 |       2 |   6.9
        D:5 |     494 |       0 |   0.0 |      17 |       0 |   0.0
        D:6 |     597 |       0 |   0.0 |       9 |       0 |   0.0
        D:7 |    1034 |     607 |  37.0 |      31 |       1 |   3.1
        D:8 |     821 |    2386 |  74.4 |      23 |       8 |  25.8
        D:9 |    3076 |       0 |   0.0 |      29 |       0 |   0.0
       D:10 |    3509 |     714 |  16.9 |      23 |       6 |  20.7
       D:11 |    2528 |     779 |  23.6 |       9 |       1 |  10.0
       D:12 |    7244 |    6533 |  47.4 |      21 |      27 |  56.2
       D:13 |   11034 |    8418 |  43.3 |      25 |      20 |  44.4
       D:14 |   10470 |       0 |   0.0 |      21 |       0 |   0.0
       D:15 |   18407 |    6027 |  24.7 |      33 |       8 |  19.5
     Lair:1 |    2970 |    1185 |  28.5 |      11 |       2 |  15.4
     Lair:2 |    7566 |    1937 |  20.4 |      25 |       7 |  21.9
     Lair:3 |    4599 |    6488 |  58.5 |      16 |      31 |  66.0
     Lair:4 |    7703 |    1526 |  16.5 |      26 |       2 |   7.1
     Lair:5 |   11243 |   15334 |  57.7 |      28 |      35 |  55.6
    Swamp:1 |   12689 |    1515 |  10.7 |      29 |       3 |   9.4
    Swamp:2 |   15293 |       0 |   0.0 |      25 |       0 |   0.0
    Swamp:3 |   13853 |       0 |   0.0 |      21 |       0 |   0.0
    Swamp:4 |    8081 |   17738 |  68.7 |      16 |      27 |  62.8
   Spider:1 |   10388 |       0 |   0.0 |      23 |       0 |   0.0
   Spider:2 |   10364 |    2407 |  18.8 |      26 |       1 |   3.7
   Spider:3 |   26875 |       0 |   0.0 |      65 |       0 |   0.0
   Spider:4 |    5549 |    1147 |  17.1 |      19 |       4 |  17.4
      Orc:1 |    2183 |    2671 |  55.0 |      30 |       9 |  23.1
      Orc:2 |    1660 |    8845 |  84.2 |      11 |      23 |  67.6
   Vaults:1 |   14409 |   20001 |  58.1 |      20 |      47 |  70.1
   Vaults:2 |   31671 |   21591 |  40.5 |      49 |      28 |  36.4
   Vaults:3 |   42689 |   25930 |  37.8 |      62 |      33 |  34.7
   Vaults:4 |   29122 |   20234 |  41.0 |      40 |      26 |  39.4
            +---------+---------+-------+---------+---------+-------
